 Dungeon Crawl Stone Soup version 0.19.4-8-ga85b6b9 (webtiles) character file.

6815 winWinterter the Carver (level 11, -9/86 HPs)
             Began as a Formicid Fighter on Feb 13, 2017.
             Was a High Priest of Okawaru.
             Killed from afar by a fire giant (32 damage)
             ... with a fireball
             ... on level 8 of the Dungeon.
             The game lasted 00:21:30 (8864 turns).

winWinterter the Carver (Formicid Fighter)          Turns: 8864, Time: 00:21:31

Health: -9/86      AC:  9    Str: 31    XL:     11   Next: 25%
Magic:  12/12      EV: 12    Int:  4    God:    Okawaru [*****.]
Gold:   334        SH: 13    Dex: 13    Spells: 0 memorised, 10 levels left

rFire  . . .     SeeInvis +     k - +10 long sword "Wosmi" {drain, rElec rC+ Str+9 Int-3}
rCold  + + .     Gourm    .     o - +0 ring mail (curse)
rNeg   . . .     Faith    .     c - +1 shield
rPois  .         Spirit   .     (helmet unavailable)
rElec  +         Reflect  .     r - +0 cloak
rCorr  +         Harm     .     (no gloves)
MR     +....                    y - +0 pair of boots
Stlth  ..........               (no amulet)
                                e - ring of resist corrosion
                                p - ring of loudness (curse)

@: no status effects
A: permanent stasis, dig shafts and tunnels, four strong arms, antennae 3, claws
1, talons 1, cold resistance 1
a: Dig, Shaft Self, Heroism, Finesse, Renounce Religion


You were on level 8 of the Dungeon.
You worshipped Okawaru.
Okawaru was extremely pleased with you.
You were full.

You visited 1 branch of the dungeon, and saw 9 of its levels.
You also visited: Sewer.

You collected 334 gold pieces.

Inventory:

Hand Weapons
 a - a +0 war axe
 k - the +10 long sword "Wosmi" (weapon) {drain, rElec rC+ Str+9 Int-3}
   (You found it on level 6 of the Dungeon)

   A truly terrible weapon, it drains the life of those it strikes.
   It affects your strength (+9).
   It affects your intelligence (-3).
   It protects you from cold.
   It insulates you from electricity.
 m - a +0 dagger of venom
 E - a +2 broad axe of draining
Armour
 b - a +0 scale mail
 c - a +1 shield (worn)
 o - a cursed +0 ring mail (worn)
 r - a +0 cloak (worn)
 y - a +0 pair of boots (worn)
 D - +0 steam dragon scales
Jewellery
 e - a ring of resist corrosion (right claw)
 p - a cursed ring of loudness (left claw)
 t - an uncursed ring of ice
Wands
 d - a wand of lightning (9/15)
 j - a wand of slowing (24/48)
Scrolls
 g - 5 scrolls of identify
 u - 2 scrolls of recharging
 C - 2 scrolls of teleportation
Potions
 i - a potion of agility
 l - 2 potions of brilliance
 n - 3 potions of heal wounds
 q - 3 potions of mutation
 w - 5 potions of curing
 B - 4 potions of flight
Books
 h - a book of Misfortune

   Spells                             Type                      Level
   a - Confusing Touch                Hexes                        1
   b - Confuse                        Hexes                        3
   c - Gell's Gravitas                Hexes/Translocation          3
   d - Petrify                        Transmutation/Earth          4
   e - Metabolic Englaciation         Hexes/Ice                    5
   f - Yara's Violent Unravelling     Hexes/Transmutation          5
 z - a book of Minor Magic

   Spells                             Type                      Level
   a - Magic Dart                     Conjuration                  1
   b - Blink                          Translocation                2
   c - Call Imp                       Summoning                    2
   d - Repel Missiles                 Charms/Air                   2
   e - Slow                           Hexes                        2
   f - Conjure Flame                  Conjuration/Fire             3
   g - Mephitic Cloud                 Conjuration/Poison/Air       3
Comestibles
 f - 6 bread rations
 s - 2 beef jerkies
 v - 7 slices of pizza


   Skills:
 * Level 8.2 Fighting
 * Level 9.8 Long Blades
 - Level 6.9 Axes
 + Level 6.4 Armour
 + Level 3.2 Dodging
 + Level 2.1 Stealth
 + Level 8.2 Shields
 * Level 2.4 Invocations


You had 10 spell levels left.
You didn't know any spells.

Dungeon Overview and Level Annotations

Branches:
Dungeon (9/15)             Temple (0/1) D:7
   Lair: D:8-11         Orc: D:9-12

Altars:
Ashenzari
Dithmenos
Fedhas
Hepliaklqana
Makhleb
Nemelex Xobeh
Okawaru
Qazlal
Sif Muna
Uskayaw
Vehumet
Yredelemnul


Innate Abilities, Weirdness & Mutations

You are under a permanent stasis effect.
You can dig through walls and to a lower floor.
Your four strong arms can wield two-handed weapons with a shield.
You have a pair of large antennae on your head. (SInv)
You have sharp fingernails.
You have sharp toenails.
Your flesh is cold resistant. (rC+)


Message History

The floor.
Press: ? - help, v - describe, . - travel
Here: a fire giant, wielding a great sword of flaming The floor.
Unknown command.
You retract your mandibles.
You see here an arrow.
There is an open door here.
Put on which piece of jewellery? (? for menu, Esc to quit)
Okay, then.
Unknown command.
The fire giant gestures at you while chanting.
The fireball explodes!
The fireball engulfs you!
Ouch! That really hurt!
* * * LOW HITPOINT WARNING * * *
Are you sure you want to shaft yourself?
You feel quite a bit less full.
The fire giant points at you and mumbles some strange words.
The fireball explodes!
The fireball engulfs you!
You die...

## ####.#♣#'##.# .##
#....###.##.### #.###
#####....##...##... ##..##
#.......)#⌠.#.⌠#...
.##..##########.##.....##...##...
..##....................##_##....
..###.....8####8.........###.....
...###...('(..C'(.........(.)....
...###....8#.(#8@................
....###.####''.###........<......
....# #.# {#..#.⌠#.............##
....###.# #..#..#............###
.....##.# #..#_.#...........## #
...####)# #..#..#..........## #
..## #(##{.....##.........## ##
### ##..########.........## ##.
##..................### ##..


You could see a fire giant.

Vanquished Creatures
  A hill giant (D:8)
  Pikel (D:7)
  Joseph (D:7)
  A hippogriff (D:7)
  A two-headed ogre (D:9)
  4 hogs (D:7)
  A steam dragon (D:7)
  A human (D:7)
  Menkaure (D:6)
  2 slaves (D:7)
  2 sky beasts
  An ice beast (D:9)
  3 phantoms
  An ogre (D:7)
  3 centaurs
  2 necrophages
  A big kobold (Sewer)
  4 bullfrogs
  12 killer bees
  10 wights
  9 howler monkeys
  4 crimson imps
  A centaur zombie (D:8)
  2 jellies
  A quasit (D:5)
  8 hounds
  3 bullfrog zombies
  5 orc priests
  A gnoll shaman (D:6)
  7 orc wizards
  A bullfrog skeleton (D:6)
  Natasha (thrice) (D:2)
  6 worker ants
  3 hound zombies
  A hound skeleton (D:8)
  10 gnolls
  A howler monkey skeleton (D:5)
  9 adders
  A river rat (Sewer)
  A shadow imp (D:5)
  An ooze (D:1)
  3 worms
  An adder skeleton (D:6)
  15 leopard geckos
  22 orcs
  8 giant cockroaches
  7 goblins
  6 hobgoblins
  16 jackals
  14 kobolds
  3 quokkas
  6 bats
  2 frilled lizards
  A leopard gecko zombie (D:5)
  A quokka skeleton (D:7)
  7 rats
243 creatures vanquished.

Notes
Turn   | Place    | Note
-------+----------+-------------------------------------------
     0 | D:1      | winWinterter the Formicid Fighter began the quest for the Orb.
     0 | D:1      | Reached XP level 1. HP: 18/18 MP: 1/1
   159 | D:1      | Reached XP level 2. HP: 23/24 MP: 2/2
  1198 | D:2      | Reached XP level 3. HP: 29/29 MP: 3/3
  1385 | D:2      | Found an iron altar of Okawaru.
  1399 | D:2      | Became a worshipper of Warmaster Okawaru
  1526 | D:2      | Noticed Natasha
  1529 | D:2      | Killed Natasha
  1529 | D:2      | Reached XP level 4. HP: 37/37 MP: 4/4
  1727 | D:2      | Noticed Natasha
  1739 | D:2      | Killed Natasha
  1739 | D:2      | Reached XP level 5. HP: 30/42 MP: 5/5
  2103 | D:2      | Found a sparkling altar of Nemelex Xobeh.
  2255 | D:2      | Noticed Natasha
  2261 | D:2      | Killed Natasha
  2622 | D:3      | Reached XP level 6. HP: 46/48 MP: 6/6
  2737 | D:3      | Found a stormy altar of Qazlal.
  2830 | D:3      | Reached * piety under Okawaru
  3181 | D:4      | Found a glowing drain.
  3246 | Sewer    | Entered a sewer
  3381 | Sewer    | Reached skill level 5 in Axes
  3381 | Sewer    | Reached skill level 1 in Dodging
  3406 | Sewer    | Reached XP level 7. HP: 52/54 MP: 7/7
  3429 | Sewer    | Found a white marble altar of Elyvilon.
  3484 | D:4      | Gained mutation: You have sharp fingernails. [potion of mutation]
  3484 | D:4      | Gained mutation: You have sharp toenails. [potion of mutation]
  3484 | D:4      | Gained mutation: Your flesh is cold resistant. (rC+) [potion of mutation]
  3541 | D:4      | Found a shattered altar of Ashenzari.
  3730 | D:4      | Reached skill level 5 in Shields
  4268 | D:5      | Entered Level 5 of the Dungeon
  4333 | D:5      | Found a hide-covered altar of Uskayaw.
  4387 | D:5      | Reached ** piety under Okawaru
  4387 | D:5      | Reached XP level 8. HP: 43/61 MP: 8/8
  4390 | D:5      | Reached skill level 5 in Fighting
  4526 | D:5      | Found a basalt altar of Yredelemnul.
  5025 | D:6      | Reached skill level 5 in Armour
  5028 | D:6      | Got a jewelled long sword
  5030 | D:6      | Identified the +10 long sword "Wosmi" {drain, rElec rC+ Str+9 Int-3} (You found it on level 6 of the Dungeon)
  5111 | D:6      | Reached skill level 1 in Long Blades
  5248 | D:6      | Reached skill level 2 in Long Blades
  5259 | D:6      | Reached XP level 9. HP: 62/69 MP: 9/9
  5294 | D:6      | Reached *** piety under Okawaru
  5310 | D:6      | Reached skill level 3 in Long Blades
  5384 | D:6      | Noticed Menkaure
  5394 | D:6      | Killed Menkaure
  5394 | D:6      | Reached skill level 4 in Long Blades
  5968 | D:7      | Reached skill level 1 in Stealth
  6004 | D:7      | Found a staircase to the Ecumenical Temple.
  6098 | D:7      | Noticed a hippogriff
  6104 | D:7      | Killed a hippogriff
  6104 | D:7      | Reached **** piety under Okawaru
  6104 | D:7      | Reached skill level 5 in Long Blades
  6289 | D:7      | Noticed Joseph
  6296 | D:7      | Killed Joseph
  6296 | D:7      | Reached skill level 6 in Long Blades
  6296 | D:7      | Reached XP level 10. HP: 76/77 MP: 10/10
  6344 | D:7      | Reached ***** piety under Okawaru
  6344 | D:7      | Reached skill level 7 in Long Blades
  6799 | D:7      | Found a burning altar of Makhleb.
  6799 | D:7      | Noticed a green death
  6801 | D:7      | Reached skill level 8 in Long Blades
  6805 | D:7      | Noticed an orange demon
  6920 | D:7      | Noticed Pikel
  6933 | D:7      | Killed Pikel
  6994 | D:7      | Found a radiant altar of Vehumet.
  7315 | D:8      | Received a gift from Okawaru
  7687 | D:8      | Noticed a hill giant
  7688 | D:8      | Found a large runed door.
  7865 | D:8      | Found a shadowy altar of Dithmenos.
  7875 | D:8      | Found a large runed door.
  7956 | D:8      | Reached skill level 9 in Long Blades
  7986 | D:8      | You fall through a shaft!
  8006 | D:9      | Reached XP level 11. HP: 79/85 MP: 11/11
  8046 | D:9      | Reached skill level 1 in Invocations
  8265 | D:8      | Found a hazy altar of Hepliaklqana.
  8437 | D:8      | Killed a hill giant
  8705 | D:8      | Found a blossoming altar of Fedhas.
  8859 | D:8      | Found a deep blue altar of Sif Muna.
  8859 | D:8      | Noticed a fire giant
  8864 | D:8      | Killed from afar by a fire giant

Skill      XL: |  1  2  3  4  5  6  7  8  9 10 11 |
---------------+----------------------------------+-----
Axes           | 3 4 5 6 |  6.9
Shields        | 4 5 6 7 8 |  8.2
Armour         | 4 5 6 |  6.4
Fighting       | 4 5 6 7 8 |  8.2
Dodging        | 1 2 3 |  3.2
Long Blades    | 2 6 9 |  9.8
Stealth        | 1 2 |  2.1
Invocations    | 2 |  2.4

Action                   |  1- 3 |  4- 6 |  7- 9 | 10-12 || total
-------------------------+-------+-------+-------+-------++-------
Melee: War axe           |    53 |   224 |   228 |       ||   505
       Long sword        |       |       |    98 |   179 ||   277
Invok: Heroism           |       |       |       |     2 ||     2
 Abil: Dig               |       |       |     1 |     5 ||     6
       Shaft Self        |       |       |       |     1 ||     1
  Use: Potion            |       |       |    12 |     3 ||    15
       Scroll            |       |       |     5 |     1 ||     6
  Eat: Chunk             |     1 |     7 |     8 |     7 ||    23
       Fruit             |       |     1 |       |     9 ||    10
       Beef jerky        |       |       |     1 |       ||     1
Armor: Scale mail        |    25 |   121 |   145 |     6 ||   297
       Ring mail         |       |       |       |    38 ||    38
Dodge: Dodged            |    10 |    85 |   132 |    81 ||   308
Block: Shield            |    14 |   129 |   206 |   136 ||   485
       Rpst.: Long sword |       |       |     9 |    22 ||    31
